 Dungeon Crawl Stone Soup version 0.31-a0-626-g8143ab4f1d (webtiles) character file.

Game seed: 18176896704284524565

2632 ytrimaz the Mimic (level 9, -10/48 (53) HPs)
             Began as an Octopode Shapeshifter on Aug 24, 2023.
             Was an Initiate of Ashenzari.
             Mangled by a wight
             ... wielding a +4 halberd
              (20 damage)
             ... on level 7 of the Dungeon.
             The game lasted 00:07:13 (6685 turns).

ytrimaz the Mimic (Octopode Shapeshifter)           Turns: 6685, Time: 00:07:13

HP:   -10/48 (53)   AC:  1    Str: 16    XL:     9   Next: 61%
MP:   9/9           EV: 18    Int: 11    God:    Ashenzari [......]
Gold: 72            SH:  0    Dex: 14    Spells: 8/8 levels left

rFire   . .          .
                       - Unarmed
rCold   . . .        (shield currently unavailable)
rNeg    . . .        (helmet restricted)
rPois   .            (no amulet)
rElec   .            l - ring of Ashenzari's Levity {EV+5, Dev, Comp} (curse)
rCorr   .            (no ring)
SInv    .            (no ring)
Will    .....        (no ring)
Stlth   +            (no ring)
HPRegen 0.28/turn    (no ring)
MPRegen 0.11/turn    (no ring)
                     (no ring)

%: no passive effects
@: flux-form, glowing, drained
A: glow, contaminating, almost no armour, amphibious, 8 rings, camouflage 1,
gelatinous body 1, (nimble swimmer 1), tentacles
a: Begin Untransformation, Renounce Religion, Shatter the Chains


You were on level 7 of the Dungeon.
You worshipped Ashenzari.
Ashenzari was noncommittal.
You were something dangerously unstable.
You visited 2 branches of the dungeon, and saw 8 of its levels.

You collected 468 gold pieces.
You spent 396 gold pieces at shops.


Innate Abilities, Weirdness & Mutations

You are something dangerously unstable.
You glow with magical radiation, making you easy to see and hit.
Foes you strike become dangerously contaminated with magical radiation.
You are incapable of wielding weapons or throwing items.
You cannot wear most types of armour.
You are amphibious.
You can wear up to eight rings at the same time.
Your skin changes colour to match your surroundings (Stealth+).
Your rubbery body absorbs attacks. (AC +1, EV +1)
((You are camouflaged when in or above water. (Stealth+)))
You have tentacles for arms and can constrict up to eight enemies at once.


   Skills:
 - Level 1.0 Fighting
 - Level 2.0 Dodging
 + Level 8.9 Unarmed Combat
 * Level 9.4(9.9) Shapeshifting


You had 8 spell levels left.
You didn't know any spells.
Your spell library was empty.

Inventory:

Jewellery
 g - an amulet of magic regeneration
   (You found it on level 3 of the Dungeon)
 l - the cursed ring of Ashenzari's Levity (left tentacle) {EV+5, Dev, Comp}
   (You bought it in a shop on level 1 of the Dungeon)

   [ring of evasion]

   EV+5:      It affects your evasion (+5).
   It has a curse which improves the following skills: Devices: Evocations and
   Shapeshifting.
   Companions: Summonings and Necromancy.
Talismans
 b - a beast talisman
 c - a flux talisman (active)
Scrolls
 e - 2 scrolls of revelation
 f - 2 scrolls of teleportation
 h - a scroll of vulnerability
 i - a scroll of enchant weapon
 k - a scroll of silence
Potions
 a - 2 potions of lignification
 j - a potion of might
 m - 3 potions of ambrosia {unknown}
 n - a potion of invisibility {unknown}
 o - a potion of brilliance {unknown}
 p - 2 potions of resistance {unknown}
 q - a potion of heal wounds {unknown}
 r - a potion of enlightenment {unknown}

Dungeon Overview and Level Annotations

Branches:
Dungeon (7/15) Zot: 26280  Temple (1/1) D:7 Zot: 5949

Altars:
Ashenzari
Cheibriados
Dithmenos
Elyvilon
Fedhas
Gozag
Hepliaklqana
Kikubaaqudgha
Makhleb
Nemelex Xobeh
Okawaru
Qazlal
Ru
Sif Muna
Trog
Uskayaw
Vehumet
Wu Jian
Xom
Zin
The Shining One

Shops:
D:1 =   D:5 ( D:6

: ######### .........#
#.........# #.........#
#.........## #####
#..........# %...#
#..........# ....#
#..........#
....###.........B#########
.....)))........#z........
....###)........#z........
....# #.........#.........
....# #.........#.........
###.##########..+.........
###...<##########......$..
.......................$..
###########...............


You could see 2 wights.


Message History

The orc misses you.
You tentacle-slap the orc.
The orc begins to glow.
Your grab misses the orc.
An orc warrior comes into view. It is wielding a +0 long sword.
The orc barely misses you.
The orc priest looks braver for a moment.
You tentacle-slap the orc.
You kill the orc!
You see here a +0 war axe.
Unknown command.
You tentacle-slap the orc warrior but do no damage.
The orc warrior begins to glow.
You grab the orc warrior.
You constrict the orc warrior, but do no damage.
The orc warrior completely misses you.
You tentacle-slap the orc warrior.
The orc warrior glows dangerously bright.
You squeeze the orc warrior.
You constrict the orc warrior, but do no damage.
You tentacle-slap the orc warrior but do no damage.
The orc warrior shudders as magic cascades through it!!
You kill the orc warrior!
You tentacle-slap the orc priest.
The orc priest begins to glow.
Your grab misses the orc priest. The orc priest barely misses you.
You tentacle-slap the orc priest.
The orc priest glows dangerously bright.
Your grab misses the orc priest.
You squeeze the orc priest, but do no damage.
The orc priest misses you.
Unknown command.
You bludgeon the orc priest!
The orc priest shudders as magic cascades through it.
The orc priest twists and deforms.
Your grab misses the orc priest.
You squeeze the orc priest, but do no damage.
The orc priest casts a cantrip, but nothing happens.
You tentacle-slap the orc priest but do no damage.
The orc priest begins to glow.
You grab the orc priest. You constrict the orc priest.
You kill the orc priest!
The orc misses you. The orc closely misses you.
Items here: )) [[ †.
You bludgeon the orc!
You kill the orc!
The orc barely misses you. The orc hits you with a +0 club.
You see here a +0 short sword. 😕 HP[-5]
You take 5 damage, and now have 48/53 hp.
Unknown command.
You tentacle-slap the orc.
The orc begins to glow.
You grab the orc. You squeeze the orc.
You kill the orc!
Items here: )) [[ †. 😕 HP[+1] No target in view!
You see here a +0 war axe.
m - 3 golden potions (gained 2) 😕 HP[+1]
You see here a flux talisman.
You see here a +0 war axe.
Items here: )) [[ †.
Things that are here:
a +0 club; an orc corpse You now have 72 gold pieces (gained 14).
Key pressed, stopping explore. 2 wights come into view. 😎 HP[+3]
Your hp is fully restored (53).
There are monsters nearby!
There are monsters nearby!
There are monsters nearby!
The wight hits you with a +4 halberd!!
You feel drained. 😮 HP[-26]
You now have 50 max hp (-3).
You take 26 damage, and now have 27/50 hp.
MASSIVE DAMAGE!! (PAUSE)
You tentacle-slap the wight.
The wight begins to glow.
You grab the wight.
You constrict the wight, but do no damage.
The wight hits you with a +4 halberd!
* * * LOW HITPOINT WARNING * * *
You feel drained.
* * * LOW HITPOINT WARNING * * *
😨 HP[-14]
You now have 48 max hp (-2).
You take 14 damage, and now have 13/48 hp.
MASSIVE DAMAGE!! (PAUSE)
You tentacle-slap the wight but do no damage.
The wight glows dangerously bright.
You constrict the wight, but do no damage.
The wight hits you with a +4 halberd!
* * * LOW HITPOINT WARNING * * *
😱 HP[-9]
You take 9 damage, and now have 4/48 hp.
Unknown command.
Unknown command.
Press: ? - help, v - describe, . - travel
Here: a wight, wielding a +4 halberd and wearing a +0 robe (moderately damaged, constricted by you, heavily contaminated)
The floor.
You feel better.
You constrict the wight. The wight hits you with a +4 halberd!!
You die...

Skill      XL: |  1  2  3  4  5  6  7  8  9 |
---------------+----------------------------+-----
Unarmed Combat | 4 5 7 8 |  8.9
Shapeshifting  | 4 5 6 8 9 |  9.4
Fighting       | |  1.0
Dodging        | |  2.0

Action                     |  1- 3 |  4- 6 |  7- 9 || total
---------------------------+-------+-------+-------++-------
  Melee: Unarmed           |    83 |   105 |   165 ||   353
         Constrict         |    27 |    28 |    40 ||    95
         Tentacles         |    13 |    22 |    39 ||    74
         Punch             |     2 |     5 |     2 ||     9
 Invoke: Curse Item        |       |       |     1 ||     1
  Evoke: Wand              |       |     2 |     8 ||    10
    Use: Scroll            |     5 |     3 |     2 ||    10
         Potion            |       |     2 |     1 ||     3
   Stab: Sleeping          |     5 |     4 |     1 ||    10
         Invisible         |       |       |     1 ||     1
 Armour: Skin              |    10 |    14 |     6 ||    30
  Dodge: Dodged            |    53 |    62 |   102 ||   217
   Form: Flux              |       |       |     1 ||     1

Levels and vault maps discovered:
D:1:      kilobyte_arrival_exit_the_forest, layout_basic,
          nicolae_ecumenical_lake_church, serial_shops, shop,
          amcnicky_mini_rare_corridor_liquid, minmay_gold_behind_fungi,
          minmay_bisected
D:2:      layout_basic
D:3:      layout_rooms, amcnicky_altar_gilded, fedhas_altar_fruit_tree
D:4:      layout_rooms, old_standard_altar
D:5:      layout_basic, zin_treasury, serial_shops, shop, uniq_blork_the_orc,
          uniq_menkaure
D:6:      layout_loops_ring, lemuel_round_altar, kennysheep_minor_cross,
          ldierk_geyser, dreamdust_mushroom_princess, nicolae_custom_books
D:7:      layout_basic, old_standard_altar, overflow_temple_1_default,
          temple_fountains
Temple:   nicolae_temple_superstar

Notes
Turn   | Place    | Note
-------+----------+-------------------------------------------
     0 | D:1      | ytrimaz the Octopode Shapeshifter began the quest for the
                  | Orb.
     0 | D:1      | Reached XP level 1. HP: 13/13 MP: 1/1
     0 | D:1      | magus.rc [v1.9.6]
   226 | D:1      | Reached XP level 2. HP: 11/18 MP: 2/2
   310 | D:1      | Found a faded altar of an unknown god.
   702 | D:1      | Reached XP level 3. HP: 16/23 MP: 3/3
   736 | D:1      | Found Casmyr's Jewellery Shop.
  1614 | D:2      | Reached XP level 4. HP: 28/28 MP: 4/4
  1634 | D:2      | Reached skill level 4 in Unarmed Combat
  1735 | D:3      | Found an ancient bone altar of Kikubaaqudgha.
  1898 | D:3      | Reached skill level 4 in Shapeshifting
  2081 | D:3      | Reached XP level 5. HP: 33/33 MP: 5/5
  2370 | D:3      | Found a blossoming altar of Fedhas.
  2377 | D:3      | Reached skill level 5 in Unarmed Combat
  2530 | D:4      | Reached XP level 6. HP: 38/38 MP: 6/6
  2662 | D:4      | Found a snail-covered altar of Cheibriados.
  2691 | D:4      | HP: 9/38 [something (1)]
  2697 | D:4      | Reached skill level 5 in Shapeshifting
  3138 | D:5      | Entered Level 5 of the Dungeon
  3153 | D:5      | Reached XP level 7. HP: 43/43 MP: 7/7
  3174 | D:5      | Found Vuwofak's Weapon Emporium.
  3242 | D:5      | Noticed Blork the orc
  3256 | D:5      | Reached skill level 6 in Unarmed Combat
  3261 | D:5      | Killed Blork the orc
  3463 | D:5      | Found a glowing silver altar of Zin.
  3480 | D:5      | Reached skill level 6 in Shapeshifting
  3669 | D:5      | Noticed Menkaure
  3699 | D:5      | Killed Menkaure
  3700 | D:5      | Reached skill level 7 in Unarmed Combat
  3700 | D:5      | Reached XP level 8. HP: 30/48 MP: 8/8
  4148 | D:6      | Reached skill level 7 in Shapeshifting
  4826 | D:6      | Found Wesaemyn's Self-Published Books.
  4951 | D:6      | Found a radiant altar of Vehumet.
  5035 | D:6      | Reached skill level 8 in Unarmed Combat
  5035 | D:6      | Reached skill level 8 in Shapeshifting
  5051 | D:6      | Reached XP level 9. HP: 15/53 MP: 9/9
  5799 | D:1      | Bought a +5 ring of evasion for 396 gold pieces
  5913 | D:7      | Found a staircase to the Ecumenical Temple.
  5925 | Temple   | Entered the Ecumenical Temple
  5968 | Temple   | Became a worshipper of Ashenzari the Shackled
  6080 | D:7      | Found a glowing golden altar of the Shining One.
  6189 | D:7      | Reached skill level 9 in Shapeshifting
  6215 | D:7      | Found a shimmering blue altar of Sif Muna.
  6684 | D:7      | HP: 4/48 [wight/+4 halberd (9)]
  6685 | D:7      | Mangled by a wight

Vanquished Creatures
  2 steam dragons (D:7)
  Menkaure (D:5)
  A water moccasin (D:6)
  2 orc warriors (D:7)
  A sky beast (D:6)
  4 ogres
  2 phantoms (D:5)
  4 scorpions
  Blork the orc (D:5)
  6 wights
  An electric eel (D:6)
  2 jellies
  7 hounds
  4 orc priests
  An iguana (D:7)
  A sleepcap (D:5)
  2 orc wizards
  8 adders
  3 gnolls (D:5)
  2 shadow imps
  2 ufetubi
  A worm (D:3)
  2 dart slugs (D:3)
  25 orcs
  6 ball pythons
  5 bats (D:1)
  5 endoplasms
  3 giant cockroaches
  7 hobgoblins
  3 quokkas
  2 frilled lizards
  11 goblins
  7 kobolds
  5 rats (D:1)
139 creatures vanquished.

Table legend:
 A = Non-vault XP
 B = Vault XP
 C = Vault XP percentage of total XP
 D = Non-vault monster count
 E = Vault monster count
 F = Vault count percentage of total count
                 A         B        C        D         E       F
            +---------+---------+-------+---------+---------+-------
      Total |    3502 |     259 |   6.9 |     134 |       5 |   3.6
            +---------+---------+-------+---------+---------+-------
        D:1 |      33 |       5 |  13.2 |      20 |       3 |  13.0
        D:2 |      47 |       0 |   0.0 |      14 |       0 |   0.0
        D:3 |     232 |       0 |   0.0 |      22 |       0 |   0.0
        D:4 |     289 |       0 |   0.0 |      27 |       0 |   0.0
        D:5 |     694 |     254 |  26.8 |      12 |       2 |  14.3
        D:6 |    1113 |       0 |   0.0 |      21 |       0 |   0.0
        D:7 |    1094 |       0 |   0.0 |      18 |       0 |   0.0
            +---------+---------+-------+---------+---------+-------

Skill      XL: |  1  2  3  4  5  6  7  8  9 |
---------------+----------------------------+-----
Unarmed Combat | 4 5 7 8 |  8.9
Shapeshifting  | 4 5 6 8 9 |  9.4
Fighting       | |  1.0
Dodging        | |  2.0

Action                     |  1- 3 |  4- 6 |  7- 9 || total
---------------------------+-------+-------+-------++-------
  Melee: Unarmed           |    83 |   105 |   165 ||   353
         Constrict         |    27 |    28 |    40 ||    95
         Tentacles         |    13 |    22 |    39 ||    74
         Punch             |     2 |     5 |     2 ||     9
 Invoke: Curse Item        |       |       |     1 ||     1
  Evoke: Wand              |       |     2 |     8 ||    10
    Use: Scroll            |     5 |     3 |     2 ||    10
         Potion            |       |     2 |     1 ||     3
   Stab: Sleeping          |     5 |     4 |     1 ||    10
         Invisible         |       |       |     1 ||     1
 Armour: Skin              |    10 |    14 |     6 ||    30
  Dodge: Dodged            |    53 |    62 |   102 ||   217
   Form: Flux              |       |       |     1 ||     1

Illustrated notes

Table legend:
 A = Kills in this place as a percentage of kills in the entire game.
 B = Kills by you in this place as a percentage of kills by you in the entire game.
 C = Kills by friends in this place as a percentage of kills by friends in the entire game.
 D = Other kills in this place as a percentage of other kills in the entire game.
 E = Experience gained in this place as a percentage of experience gained in the entire game.
 F = Experience gained in this place divided by the number of levels of this place that you have seen.
                   A       B       C       D       E      F
               +-------+-------+-------+-------+-------+----------------------
         Total | 100.0 | 100.0 |   N/A |   N/A | 100.0 | 470.1
       Dungeon | 100.0 | 100.0 |   N/A |   N/A | 100.0 | 537.3
               +-------+-------+-------+-------+-------+----------------------

Table legend: (Time is in decaauts)
 A = Elapsed time spent in this place.
 B = Non-inter-level travel time spent in this place.
 C = Inter-level travel time spent in this place.
 D = Time resting spent in this place.
 E = Time spent auto-exploring this place.
 F = Levels seen in this place.
 G = Mean time per level.
                   A        B        C        D        E       F      G
               +--------+--------+--------+--------+--------+-----+--------+
         Total |   6656 |   6115 |    541 |    220 |   4779 |   8 |  832.0 |
       Dungeon |   6605 |   6070 |    535 |    220 |   4762 |   7 |  943.6 |
        Temple |     50 |     44 |      6 |      0 |     17 |   1 |   50.0 |
               +--------+--------+--------+--------+--------+-----+--------+

Top non-repeatable levels by time:
     D:6: 1313 daAuts
     D:1: 1250 daAuts
     D:5: 1167 daAuts
     D:3: 910 daAuts
     D:7: 718 daAuts
     D:4: 640 daAuts
     D:2: 604 daAuts
  Temple: 50 daAuts
